 Dungeon Crawl Stone Soup version 0.31-a0-1321-g5021b54cb2 (webtiles) character file.

Game seed: 325833226592731070

210 Curundu the Trooper (level 5, 0/48 HPs)
             Began as a Minotaur Berserker on Dec 21, 2023.
             Was a Believer of Trog.
             Slain by a lemure (2 damage)
             ... led by Pikel
             ... on level 4 of the Dungeon.
             The game lasted 00:07:46 (2566 turns).

Curundu the Trooper (Minotaur Berserker)            Turns: 2566, Time: 00:07:46

Health: 0/48       AC: 10    Str: 29    XL:     5   Next: 57%
Magic:  4/4        EV:  8    Int:  4    God:    Trog [**....]
Gold:   83         SH:  6    Dex: 10    Spells: 4/4 levels left

rFire   . . .        g - +1 dagger (venom)
rCold   . . .        u - +0 kite shield
rNeg    . . .        i - +0 chain mail {rPois}
rPois   +            (helmet restricted)
rElec   .            (no cloak)
rCorr   .            c - +0 pair of gloves
SInv    .            (no boots)
Will    .....        q - amulet of the acrobat Stlth
                     e - +6 ring of strength
HPRegen 0.28/turn    (no ring)
MPRegen 0.09/turn

%: acrobat
@: no status effects
A: horns 2, retaliatory headbutt
a: Renounce Religion, Berserk, Trog's Hand


You were on level 4 of the Dungeon.
You worshipped Trog.
Trog was pleased with you.
You visited 1 branch of the dungeon, and saw 4 of its levels.

You collected 200 gold pieces.
You spent 117 gold pieces at shops.

Inventory:

Hand Weapons
 g - a +1 dagger of venom (weapon)
Missiles
 p - 6 poisoned darts
Armour
 c - a +0 pair of gloves (worn)
 i - a +0 chain mail of poison resistance (worn)
 u - a +0 kite shield (worn)
Jewellery
 e - a +6 ring of strength (left hand)
 q - an amulet of the acrobat (around neck)
Wands
 a - a wand of polymorph (6)
Scrolls
 b - a scroll of vulnerability {unknown}
 d - a scroll of silence {unknown}
 h - a scroll of fear {unknown}
 k - 2 scrolls of identify {unknown}
 n - a scroll of fog {unknown}
 o - a scroll of amnesia {unknown}
 s - a scroll of revelation {unknown}
 t - a scroll of poison {unknown}
Potions
 f - a potion of lignification {unknown}
 j - 2 potions of brilliance {unknown}
 l - a potion of degeneration {unknown}
 m - a potion of magic {unknown}
 r - a potion of might {unknown}


   Skills:
 + Level 5.1 Fighting
 + Level 2.5(3.7) Short Blades
 + Level 4.5(5.0) Long Blades
 + Level 3.7 Armour
 + Level 2.9 Dodging


You had 4 spell levels left.
You didn't know any spells.
Your spell library contained the following spells:

 Spells                   Type           Power      Damage    Failure   Level
 Magic Dart               Conj           0%         1d3       99%         1
 Blink                    Tloc           0%         N/A       100%        2
 Call Imp                 Summ           0%         N/A       100%        2


Dungeon Overview and Level Annotations

Branches:
Dungeon (4/15)
 Temple: D:4-7

Altars:
Fedhas
Gozag
Nemelex Xobeh
Qazlal
Trog
Uskayaw
Xom
Zin

Shops:
D:4 [

Annotations:
D:4 Pikel


Innate Abilities, Weirdness & Mutations

You have a pair of horns on your head.
You reflexively headbutt those who attack you in melee.


Message History

Pikel hits you but does no damage.
You hit Pikel but do no damage.
Pikel looks as sick as possible!
Your headbutt misses Pikel.
Pikel is moderately wounded.
The lemure closely misses you. The lemure hits you but does no damage.
Pikel hits you but does no damage.
You hit Pikel but do no damage.
Pikel looks as sick as possible!
Pikel is moderately wounded.
The lemure hits you but does no damage. x2
Pikel hits you with a +0 whip of freezing.
Pikel freezes you.
You hit Pikel but do no damage.
Pikel looks as sick as possible!
Pikel is heavily wounded.
You block the lemure's attack. The lemure hits you.
Pikel hits you with a +0 whip of freezing.
Pikel freezes you.
* * * LOW HITPOINT WARNING * * *
You hit Pikel but do no damage.
Pikel looks as sick as possible!
Pikel is heavily wounded.
The lemure hits you but does no damage. The lemure hits you.
* * * LOW HITPOINT WARNING * * *
Pikel barely misses you.
You hit Pikel but do no damage.
Pikel looks as sick as possible!
Pikel is heavily wounded.
The lemure hits you but does no damage.
You hit Pikel but do no damage.
Pikel is severely wounded.
The lemure closely misses you.
Pikel says, "You'll rot in Tartarus!"
Pikel barely misses you. You block the lemure's attack.
You hit Pikel.
Pikel looks as sick as possible!
Pikel is severely wounded.
The lemure hits you!
* * * LOW HITPOINT WARNING * * *
You block Pikel's attack.
You hit Pikel but do no damage.
Pikel looks as sick as possible!
Your headbutt misses Pikel.
Pikel is severely wounded.
The lemure hits you.
You die...

#........# #........
#...!... #...... #..... ..K
#..... #..... #.##....
#..... ####....5.# ####
..... #....
#.K@######..####.#.# #...5
###5##..###......... #....
#5##...##.........
#....####.##...'.#........
#......[..##...#..........
............##..####........
####........######.......>..
##.......#######.........
#.......................


You could see Pikel (extremely poisoned) and 3 lemures.

Vanquished Creatures
  Jessica (D:2)
  Natasha (thrice) (D:2)
  Terence (D:3)
  4 adders
  A worm (D:2)
  An orc (D:3)
  6 endoplasms
  5 giant cockroaches
  3 goblins
  3 hobgoblins
  2 quokkas
  2 ball pythons
  3 bats
  5 frilled lizards
  5 kobolds
  8 rats
53 creatures vanquished.

Notes
Turn   | Place    | Note
-------+----------+-------------------------------------------
     0 | D:1      | Curundu the Minotaur Berserker began the quest for the Orb.
     0 | D:1      | Reached XP level 1. HP: 19/19 MP: 0/0
   449 | D:1      | Reached skill level 4 in Fighting
   449 | D:1      | Reached XP level 2. HP: 27/27 MP: 1/1
   900 | D:2      | Noticed Jessica
   908 | D:2      | Killed Jessica
   909 | D:2      | Reached XP level 3. HP: 24/33 MP: 2/2
   920 | D:2      | Reached ** piety under Trog
   998 | D:2      | Noticed Natasha
  1007 | D:2      | Killed Natasha
  1008 | D:2      | Reached XP level 4. HP: 39/41 MP: 3/3
  1169 | D:2      | Noticed Natasha
  1182 | D:2      | Killed Natasha
  1183 | D:2      | Reached skill level 5 in Fighting
  1225 | D:2      | Noticed Natasha
  1233 | D:2      | Killed Natasha
  1234 | D:2      | Reached skill level 1 in Short Blades
  1234 | D:2      | Reached XP level 5. HP: 43/48 MP: 4/4
  1428 | D:2      | Found a faded altar of an unknown god.
  1537 | D:3      | Found a shimmering altar of Xom.
  1538 | D:3      | Found a stormy altar of Qazlal.
  1541 | D:3      | Found a glowing silver altar of Zin.
  1549 | D:3      | Found a bloodstained altar of Trog.
  1635 | D:3      | Noticed Terence
  1639 | D:3      | Killed Terence
  1670 | D:3      | Found an opulent altar of Gozag.
  1670 | D:3      | Found a sparkling altar of Nemelex Xobeh.
  1801 | D:3      | Found a blossoming altar of Fedhas.
  1906 | D:3      | Found a hide-covered altar of Uskayaw.
  2455 | D:4      | Found Iloat's Antique Armour Boutique.
  2463 | D:4      | Bought a kite shield for 117 gold pieces
  2544 | D:4      | Noticed Pikel
  2544 | D:4      | Noticed a lemure
  2544 | D:4      | Noticed a lemure
  2544 | D:4      | Noticed a lemure
  2544 | D:4      | Noticed a lemure
  2565 | D:4      | HP: 2/48 [lemure[Pikel] (8)]
  2566 | D:4      | Slain by a lemure

Illustrated notes

Levels and vault maps discovered:
D:1:      dpeg_arrival_boxes_within_box, layout_loops_ring
D:2:      layout_basic, shapermc_ecumenical_altar_mp_vishouse, uniq_natasha,
          uniq_jessica
D:3:      layout_basic, chequers_temple_overflow_statue_of_worship,
          old_standard_altar, amcnicky_altar_gilded,
          grunt_temple_overflow_opulence, kennysheep_small_spiral, uniq_terence
D:4:      layout_rooms, serial_library, serial_library_hellmonk_room_c,
          serial_library_hellmonk_junction, serial_library_regret_index_headful,
          serial_library_hellmonk_hallway_b,
          serial_library_hellmonk_statue_hall,
          serial_library_regret_index_multi, serial_library_hellmonk_octagon,
          serial_library_hellmonk_small_corner,
          serial_library_hellmonk_filled_rooms, serial_shops, shop, uniq_pikel

Skill      XL: |  1  2  3  4  5 |
---------------+----------------+-----
Fighting       | 4 5 |  5.1
Long Blades    | 4 |  4.5
Armour         | 3 |  3.7
Short Blades   | 1 2 |  2.5
Dodging        | |  2.9

Action                     |  1- 3 |  4- 6 || total
---------------------------+-------+-------++-------
  Melee: Falchion          |    25 |       ||    25
         Headbutt          |     7 |     9 ||    16
         Dagger            |    38 |    67 ||   105
 Armour: Animal skin       |    19 |       ||    19
         Chain mail        |    15 |    56 ||    71
         Ring mail         |     5 |       ||     5
  Dodge: Dodged            |    39 |    31 ||    70
  Block: Kite shield       |       |     7 ||     7

Table legend: (Time is in decaauts)
 A = Elapsed time spent in this place.
 B = Non-inter-level travel time spent in this place.
 C = Inter-level travel time spent in this place.
 D = Time resting spent in this place.
 E = Time spent auto-exploring this place.
 F = Levels seen in this place.
 G = Mean time per level.
                   A        B        C        D        E       F      G
               +--------+--------+--------+--------+--------+-----+--------+
         Total |   2562 |   2562 |      0 |      0 |   1892 |   4 |  640.5 |
       Dungeon |   2562 |   2562 |      0 |      0 |   1892 |   4 |  640.5 |
               +--------+--------+--------+--------+--------+-----+--------+

Top non-repeatable levels by time:
     D:3: 934 daAuts
     D:1: 786 daAuts
     D:2: 679 daAuts
     D:4: 162 daAuts
